 Dungeon Crawl Stone Soup version 0.26-a0-1132-ge9770dfcb6 (webtiles) character file.

Game seed: 18316185855874989004

176 tilp the Changer (level 5, -1/34 HPs)
             Began as an Octopode Transmuter on Dec 20, 2020.
             Slain by an orc wizard
             ... wielding a +0 dagger
              (2 damage)
             ... on level 4 of the Dungeon.
             The game lasted 00:05:32 (3718 turns).

tilp the Changer (Octopode Transmuter)              Turns: 3718, Time: 00:05:32

Health: -1/34      AC:  1    Str:  7 (9)  XL:     5   Next: 56%
Magic:  7/8        EV: 13    Int: 15 (17) God:
Gold:   139        SH:  0    Dex: 11 (12) Spells: 5/8 levels left

rFire    . . .     SeeInvis .     - Unarmed
rCold    . . .     Faith    .   (no shield)
rNeg     . . .     Spirit   .   (helmet restricted)
rPois    .         Reflect  .   (no amulet)
rElec    .         Harm     .   (no ring)
rCorr    .         Rampage  .   (no ring)
Will     .....                  (no ring)
Stlth    +++.......             (no ring)
HPRegen  0.11/turn              (no ring)
MPRegen  0.11/turn              (no ring)
                                (no ring)
                                (no ring)

@: wereblooded
A: almost no armour, stealthy swim, amphibious, 8 rings, constrict 8, camouflage
1, gelatinous body 1
a: no special abilities


You were on level 4 of the Dungeon.
You visited 1 branch of the dungeon, and saw 4 of its levels.

You collected 139 gold pieces.

Inventory:

Missiles
 c - 254 stones (quivered)
 g - 4 boomerangs
 o - 7 javelins
Jewellery
 e - an uncursed ring of protection from fire {unknown}
 n - an uncursed ring of protection from fire {unknown}
Scrolls
 a - 2 scrolls of amnesia
 b - 2 scrolls of identify {unknown}
 j - a scroll of teleportation
 m - 2 scrolls of enchant weapon {unknown}
 p - a scroll of random uselessness {unknown}
 q - a scroll of immolation {unknown}
 r - a scroll of remove curse {unknown}
Potions
 d - 2 potions of heal wounds {unknown}
 f - a potion of lignification {unknown}
 h - a potion of brilliance {unknown}
 i - 2 potions of mutation {unknown}
 k - 2 potions of degeneration
 l - 2 potions of curing {unknown}


   Skills:
 - Level 2.0 Fighting
 - Level 2.0 Dodging
 + Level 3.0 Stealth
 + Level 3.9 Unarmed Combat
 - Level 2.0 Spellcasting
 - Level 4.0 Transmutations


You had 5 spell levels left.
You knew the following spells:

 Your Spells              Type           Power        Failure   Level
a - Beastly Appendage     Tmut           26%          4%          1
b - Wereblood             Tmut           13%          6%          2

Your spell library contained the following spells:

 Spells                   Type           Power        Failure   Level
 Spider Form              Tmut/Pois      3%           28%         3
 Ice Form                 Ice/Tmut       7%           67%         4
 Blade Hands              Tmut           6%           75%         5


Dungeon Overview and Level Annotations

Branches:
Dungeon (4/15)
 Temple: D:4-7

Altars:
Dithmenos
Elyvilon
Fedhas
Kikubaaqudgha
Qazlal
Yredelemnul

Annotations:
D:2 2 transporters, Menkaure
D:3 exclusion: 3 wights, Ijyb, Sigmund


Innate Abilities, Weirdness & Mutations

You cannot wear most types of armour.
You are very stealthy in the water. (Stealth+)
You are amphibious.
You can wear up to eight rings at the same time.
You can use your tentacles to constrict eight enemies at once.
Your skin changes colour to match your surroundings (Stealth+).
Your rubbery body absorbs attacks. (AC +1, EV +1)


Message History

You kill the orc!
The orc wizard casts a spell.
The orc wizard seems to speed up.
Unknown command.
The orc wizard casts a spell.
The orc wizard blinks!
The orc wizard points at you and mumbles some strange words.
The magic dart hits you!
* * * LOW HITPOINT WARNING * * *
You tentacle-slap the orc. Your grab misses the orc.
The orc is lightly wounded.
You howl as the wereblood boils in your veins!
The orc hits you with a +0 hand axe.
* * * LOW HITPOINT WARNING * * *
Unknown command.
It was a potion of degeneration.
There was something very wrong with that liquid.
You feel weakened.
You feel dopey.
You feel clumsy.
The orc wizard hits you with a +0 dagger.
You die...

##### #...#
###########.#.#
##.....#.......#
##.............## #
#...............##.#####
#..............o@o....<.
#...............##.(####
#...............# .#
#...............# ..
##.....†.......## (#
##.....#......# #
#.....###........#
#.....# #.##.##..oo.
#.....###.##.# ###.


You could see an orc wizard (fast) and an orc.

Vanquished Creatures
  An orc wizard (D:4)
  A worker ant (D:4)
  Robin (D:3)
  2 adders (D:2)
  A worm (D:2)
  2 dart slugs
  3 leopard geckos
  5 orcs
  7 bats
  5 giant cockroaches
  6 hobgoblins
  4 jackals (D:1)
  A quokka (D:2)
  7 frilled lizards
  20 goblins
  5 kobolds
  15 rats
86 creatures vanquished.

Notes
Turn   | Place    | Note
-------+----------+-------------------------------------------
     0 | D:1      | tilp the Octopode Transmuter began the quest for the Orb.
     0 | D:1      | Reached XP level 1. HP: 13/13 MP: 3/3
   313 | D:1      | Reached XP level 2. HP: 17/18 MP: 3/5
   316 | D:1      | Learned a level 2 spell: Wereblood
   550 | D:1      | Reached skill level 3 in Transmutations
   575 | D:1      | Reached XP level 3. HP: 13/23 MP: 4/6
  1239 | D:2      | Found a shadowy altar of Dithmenos.
  1364 | D:2      | Reached skill level 4 in Transmutations
  1625 | D:2      | Noticed a phantom
  1629 | D:2      | Found a transporter.
  1648 | D:2      | Found a basalt altar of Yredelemnul.
  1652 | D:2      | Noticed Menkaure
  1658 | D:2      | Found an ancient bone altar of Kikubaaqudgha.
  1661 | D:2      | Found a transporter.
  1773 | D:2      | Reached XP level 4. HP: 28/28 MP: 5/7
  1780 | D:2      | Reached skill level 1 in Stealth
  2579 | D:3      | Noticed Robin
  2606 | D:3      | Killed Robin
  2932 | D:3      | Reached XP level 5. HP: 21/34 MP: 8/8
  3126 | D:3      | Found a blossoming altar of Fedhas.
  3134 | D:3      | Found a stormy altar of Qazlal.
  3145 | D:3      | Found a white marble altar of Elyvilon.
  3384 | D:3      | Noticed Sigmund
  3415 | D:3      | Noticed Ijyb
  3717 | D:4      | HP: 1/34 [orc/+0 hand axe (5)]
  3718 | D:4      | Slain by an orc wizard

Illustrated notes

Levels and vault maps discovered:
D:1:      tarquinn_simple_flora_water_e, layout_loops_ring
D:2:      layout_basic, gammafunk_temple_of_torment,
          nicolae_dithmenos_shadow_blocks, minmay_vboxes
D:3:      layout_rooms, minmay_overflow_temple_star_quad, uniq_robin,
          uniq_sigmund, uniq_ijyb
D:4:      layout_rooms, minmay_distorted

Skill      XL: |  1  2  3  4  5 |
---------------+----------------+-----
Transmutations | 3 4 |  4.0
Stealth        | 2 3 |  3.0
Fighting       | 2 |  2.0
Dodging        | |  2.0
Unarmed Combat | |  3.9
Spellcasting   | |  2.0

Action                   |  1- 3 |  4- 6 || total
-------------------------+-------+-------++-------
Melee: Unarmed           |    83 |   100 ||   183
       Constrict         |    23 |    30 ||    53
       Tentacles         |    12 |    16 ||    28
       Kick              |    12 |    16 ||    28
Throw: Stone             |     2 |    22 ||    24
 Cast: Beastly Appendage |    17 |    18 ||    35
       Wereblood         |     1 |     3 ||     4
  Use: Scroll            |     1 |     2 ||     3
       Potion            |       |     1 ||     1
 Stab: Sleeping          |     2 |     2 ||     4
Armor: Skin              |     3 |    13 ||    16
Dodge: Dodged            |    51 |    87 ||   138

Table legend: (Time is in decaauts)
 A = Elapsed time spent in this place.
 B = Non-inter-level travel time spent in this place.
 C = Inter-level travel time spent in this place.
 D = Time resting spent in this place.
 E = Time spent auto-exploring this place.
 F = Levels seen in this place.
 G = Mean time per level.
                   A        B        C        D        E       F      G
               +--------+--------+--------+--------+--------+-----+--------+
         Total |   3712 |   3677 |     35 |   1345 |   1811 |   4 |  928.0 |
       Dungeon |   3712 |   3677 |     35 |   1345 |   1811 |   4 |  928.0 |
               +--------+--------+--------+--------+--------+-----+--------+

Top non-repeatable levels by time:
     D:2: 1499 daAuts
     D:1: 1217 daAuts
     D:3: 867 daAuts
     D:4: 127 daAuts
